 Dungeon Crawl Stone Soup version 0.29.1-14-g9c671dbff4 (webtiles) character file.

Game seed: 9188693942312592063

135 leafyfresh the Covert (level 5, -2/36 HPs)
             Began as an Octopode Delver on Feb 20, 2023.
             Slain by an orc wizard
             ... wielding a +0 dagger
              (5 damage)
             ... on level 3 of the Dungeon.
             The game lasted 00:05:13 (2216 turns).

leafyfresh the Covert (Octopode Delver)             Turns: 2216, Time: 00:05:14

Health: -2/36      AC:  1    Str: 11    XL:     5   Next: 18%
Magic:  8/8        EV: 13    Int: 14    God:
Gold:   151        SH:  0    Dex: 14    Spells: 5/8 levels left

rFire   . . .      SeeInvis .   a - +0 short sword
rCold   . . .      Faith    .   (no shield)
rNeg    . . .      Spirit   .   (helmet restricted)
rPois   .          Reflect  .   (no amulet)
rElec   .          Harm     .   (no ring)
rCorr   .          Rampage  .   (no ring)
Will    .....                   (no ring)
Stlth   +++++.....              (no ring)
HPRegen 0.12/turn               (no ring)
MPRegen 0.11/turn               (no ring)
                                (no ring)
                                (no ring)

@: no status effects
A: almost no armour, amphibious, 8 rings, camouflage 1, gelatinous body 1,
(nimble swimmer 1), tentacles
a: no special abilities


You were on level 3 of the Dungeon.
You visited 1 branch of the dungeon, and saw 5 of its levels.

You collected 151 gold pieces.

Inventory:

Hand Weapons
 a - a +0 short sword (weapon)
Magical Staves
 p - a staff of conjuration
Wands
 f - a wand of digging (3)
 r - a wand of charming (6)
Scrolls
 b - a scroll of fog
 c - 3 scrolls of magic mapping
 d - a scroll of fear
 g - a scroll of enchant weapon {unknown}
 j - a scroll of brand weapon {unknown}
 l - a scroll of silence {unknown}
 m - a scroll of teleportation {unknown}
 o - a scroll of identify {unknown}
Potions
 e - 2 potions of haste
 h - 2 potions of curing {unknown}
 i - 2 potions of mutation {unknown}
 k - a potion of might {unknown}
 n - 2 potions of heal wounds {unknown}
 q - a potion of lignification {unknown}


   Skills:
 - Level 3.1 Fighting
 - Level 2.2 Short Blades
 - Level 2.2 Dodging
 + Level 8.1 Stealth
 + Level 2.4 Spellcasting


You had 5 spell levels left.
You knew the following spells:

 Your Spells              Type           Power      Damage    Failure   Level
a - Summon Small Mammal   Summ           4%         N/A       22%         1
b - Blink                 Tloc           2%         N/A       34%         2

Your spell library contained the following spells:

 Spells                   Type           Power      Damage    Failure   Level
 Call Canine Familiar     Summ           1%         N/A       56%         3
 Lesser Beckoning         Tloc           1%         N/A       56%         3
 Summon Guardian Golem    Hex/Summ       1%         N/A       56%         3
 Manifold Assault         Tloc           1%         N/A       99%         5


Dungeon Overview and Level Annotations

Branches:
Dungeon (5/15)
 Temple: D:4-7

Altars:
Qazlal
Uskayaw

Annotations:
D:2 1 runed translucent door, Crazy Yiuf


Innate Abilities, Weirdness & Mutations

You cannot wear most types of armour.
You are amphibious.
You can wear up to eight rings at the same time.
Your skin changes colour to match your surroundings (Stealth+).
Your rubbery body absorbs attacks. (AC +1, EV +1)
((You are camouflaged when in or above water. (Stealth+)))
You have tentacles for arms and can constrict up to eight enemies at once.


Message History

Unknown command.
You hit the orc. You grab the orc.
The orc is heavily wounded.
You constrict the orc. The orc closely misses you.
You hit the orc.
You kill the orc!
The orc wizard gestures wildly while chanting.
The orc wizard flickers and vanishes!
Unknown command.
You barely miss the kobold. Your grab misses the kobold.
You squeeze the kobold.
You kill the kobold!
Unknown command.
Something hits you.
There is a stone staircase leading down here.
You miss something. Something hits you.
* * * LOW HITPOINT WARNING * * *
You hit something. You squeeze something!
Reactivating autopickup.
You feel a bit more experienced.
Your Stealth skill increases to level 8!
You have reached level 5!
You feel agile.
Deactivating autopickup; reactivate with Ctrl-A.
You completely miss something. Something hits you.
* * * LOW HITPOINT WARNING * * *
Unknown command.
You closely miss something. Something barely misses you.
Unknown command.
You barely miss something.
Your tentacle-slap misses something.
Something hits you.
* * * LOW HITPOINT WARNING * * *
Unknown command.
You hit something. You squeeze something. Something hits you.
* * * LOW HITPOINT WARNING * * *
Unknown command.
You closely miss something. Something barely misses you.
Unknown command.
You barely miss something. Something hits you.
You die...

##.............................
.##..#.............#..#.#..###.
....#####.......####.......#
......###.#...#.# #.......#
#.........#...#.#
#.............
##..#.....#...#.#
#.##.##.#####.
....##..#.[.....# #.##.# .#
..#.....##...#######.##.. ..
..#..........)..@{.# ### .##
..###.#.......####.# .#
......##...##..###)#######...
#..........##.#............#
##..#............#.#..#.##.#
....##..#..#..#.##.#....#
#.......##.#.<.....#.##.#
..#...........####.#.# .#
#.##..######.## #.... .


There were no monsters in sight!

Vanquished Creatures
  2 orc wizards (D:3)
  3 adders
  A dart slug (D:1)
  5 orcs (D:3)
  4 endoplasms
  2 giant cockroaches
  7 goblins
  6 hobgoblins
  3 quokkas
  6 ball pythons
  3 bats
  3 frilled lizards
  4 kobolds
49 creatures vanquished.

Vanquished Creatures (collateral kills)
  A kobold (D:2)
1 creature vanquished.

Grand Total: 50 creatures vanquished

Notes
Turn   | Place    | Note
-------+----------+-------------------------------------------
     0 | D:5      | leafyfresh the Octopode Delver began the quest for the Orb.
     0 | D:5      | Reached XP level 1. HP: 16/16 MP: 1/1
    32 | D:4      | Reached XP level 2. HP: 16/21 MP: 2/2
   304 | D:3      | Noticed a +0 hand axe
   305 | D:3      | Noticed a +0 hand axe
   307 | D:3      | Found a hide-covered altar of Uskayaw.
   611 | D:1      | Reached skill level 7 in Stealth
   617 | D:1      | Reached XP level 3. HP: 26/26 MP: 3/3
   740 | D:1      | Reached skill level 1 in Spellcasting
  1123 | D:1      | Learned a level 1 spell: Summon Small Mammal
  1126 | D:1      | Learned a level 2 spell: Blink
  1203 | D:2      | Found a faded altar of an unknown god.
  1349 | D:2      | Noticed an ogre
  1373 | D:2      | Reached XP level 4. HP: 17/31 MP: 4/6
  1665 | D:2      | Found a runed translucent door.
  1666 | D:2      | Noticed Crazy Yiuf
  2025 | D:3      | Found a stormy altar of Qazlal.
  2211 | D:3      | Reached skill level 8 in Stealth
  2211 | D:3      | Reached XP level 5. HP: 9/36 MP: 8/8
  2216 | D:3      | Slain by an orc wizard

Illustrated notes

Levels and vault maps discovered:
D:1:      dpeg_arrival_solitude, layout_rooms
D:2:      layout_basic, hellmonk_ecumenical_altar_zigzags,
          uniq_crazy_yiuf_cottage
D:3:      layout_loops_cross, nicolae_qazlal_general_emergency,
          dancing_weapons_uskayaw, hangedman_decor_points
D:4:      layout_rooms, lemuel_round_altar, minmay_temple_entry_antechambers,
          kennysheep_generic_room_12, uniq_grinder
D:5:      layout_layer_cave, old_standard_altar,
          nicolae_ru_the_path_less_chosen, biasface_ghost_orc_armoury,
          uniq_blork_the_orc

Skill      XL: |  1  2  3  4 |
---------------+-------------+-----
Stealth        | 7 8 |  8.1
Spellcasting   | 1 2 |  2.4
Fighting       | |  3.1
Short Blades   | |  2.2
Dodging        | |  2.2

Action                   |  1- 3 |  4- 6 || total
-------------------------+-------+-------++-------
Melee: Short sword       |    62 |    42 ||   104
       Constrict         |    18 |     9 ||    27
       Tentacles         |    13 |     9 ||    22
       Punch             |     1 |     1 ||     2
 Cast: Summon Small Mamm |     2 |       ||     2
 Stab: Sleeping          |    10 |     4 ||    14
Armor: Skin              |     5 |     1 ||     6
Dodge: Dodged            |    27 |    16 ||    43
